 Dungeon Crawl Stone Soup version 0.28.0-43-g3370ac3207 (webtiles) character file.

Game seed: 9789368237725398948

2561 Ablot the Magician (level 9, -2/71 HPs)
             Began as a Gnoll Warper on Mar 24, 2022.
             Was a Follower of Okawaru.
             Slain by an orc warlord
             ... wielding a +3 war axe
              (22 damage)
             ... in a bailey.
             The game lasted 00:12:33 (7929 turns).

Ablot the Magician (Gnoll Warper)                   Turns: 7929, Time: 00:12:33

Health: -2/71      AC: 10    Str: 20    XL:     9   Next: 56%
Magic:  19/19      EV: 13    Int: 19    God:    Okawaru [*.....]
Gold:   534        SH:  0    Dex: 11    Spells: 18/21 levels left

rFire   . . .      SeeInvis .   s - +8 short sword of Disorder {drain, Int+5}
rCold   . . .      Faith    .   (no shield)
rNeg    . . .      Spirit   .   b - +0 leather armour
rPois   .          Reflect  .   n - +0 helmet
rElec   .          Harm     .   G - +2 cloak
rCorr   .          Rampage  .   C - +0 pair of gloves
Will    +....                   t - +0 pair of boots
Stlth   ++........              r - amulet of magic regeneration
HPRegen 0.21/turn               u - ring of willpower
MPRegen 0.56/turn               q - +6 ring of strength

@: no status effects
A: fangs 1, strong nose, distributed training
a: Renounce Religion, Heroism


You were in a bailey.
You worshipped Okawaru.
Okawaru was aware of your devotion.
You visited 1 branch of the dungeon, and saw 7 of its levels.
You also visited: Bailey.

You collected 534 gold pieces.

Inventory:

Hand Weapons
 a - a +0 vampiric spear
 s - the +8 short sword of Disorder (weapon) {drain, Int+5}
   (You found it on level 3 of the Dungeon)

   A truly terrible weapon, it drains the life of any living foe it strikes.
   Int:       It affects your intelligence (+5).
 w - a +2 great sword of holy wrath
Missiles
 d - 5 boomerangs of dispersal
 e - 221 stones
 l - 107 arrows
 A - 67 bolts
 L - 34 sling bullets
 R - 13 boomerangs (quivered)
Armour
 b - a +0 leather armour (worn)
 n - a +0 helmet (worn)
 t - a +0 pair of boots (worn)
 C - a +0 pair of gloves (worn)
 G - a +2 cloak (worn)
 H - the +7 chain mail of the Hippo {Str+2}
   (You found it on level 5 of the Dungeon)

   Str:       It affects your strength (+2).
 N - an orb of energy
Magical Staves
 k - a staff of poison
Jewellery
 i - a ring of ice
 q - a +6 ring of strength (right hand)
 r - an amulet of magic regeneration (around neck)
 u - a ring of willpower (left hand)
Wands
 B - a wand of iceblast (21)
 E - a wand of digging (3)
 I - a wand of polymorph (4)
 J - a wand of flame (22)
 P - a wand of acid (9)
Scrolls
 c - 2 scrolls of blinking
 f - 2 scrolls of identify {unknown}
 g - a scroll of fear {unknown}
 h - 4 scrolls of amnesia {unknown}
 m - 4 scrolls of fog {unknown}
 o - 6 scrolls of teleportation {unknown}
 p - a scroll of noise {unknown}
 v - 3 scrolls of immolation {unknown}
 D - a scroll of enchant weapon {unknown}
 F - a scroll of torment {unknown}
 M - a scroll of vulnerability {unknown}
 Q - 2 scrolls of summoning {unknown}
Potions
 j - 2 potions of mutation {unknown}
 x - a potion of might
 z - a potion of curing {unknown}
 K - a potion of flight {unknown}
 O - 2 potions of haste {unknown}
 S - a potion of magic {unknown}
 T - 2 potions of invisibility {unknown}


   Skills:
 + Level 6.4 Fighting
 + Level 4.3 Short Blades
 + Level 4.3 Long Blades
 + Level 4.3 Axes
 + Level 4.3 Maces & Flails
 + Level 6.4 Polearms
 + Level 4.3 Staves
 + Level 4.3 Slings
 + Level 4.3 Bows
 + Level 4.3 Crossbows
 + Level 5.1 Throwing
 + Level 5.1 Armour
 + Level 6.4 Dodging
 + Level 4.3 Stealth
 + Level 4.3 Shields
 + Level 4.3 Unarmed Combat
 + Level 6.7 Spellcasting
 + Level 3.6 Conjurations
 + Level 3.6 Hexes
 + Level 3.6 Summonings
 + Level 3.6 Necromancy
 + Level 6.6 Translocations
 + Level 3.6 Transmutations
 + Level 3.6 Fire Magic
 + Level 3.6 Ice Magic
 + Level 3.6 Air Magic
 + Level 3.6 Earth Magic
 + Level 3.6 Poison Magic
 + Level 4.8 Invocations
 + Level 4.3 Evocations


You had 18 spell levels left.
You knew the following spells:

 Your Spells              Type           Power      Damage    Failure   Level
a - Apportation           Tloc           62%        N/A       1%          1
b - Blink                 Tloc           62%        N/A       1%          2

Your spell library contained the following spells:

 Spells                   Type           Power      Damage    Failure   Level
 Gell's Gravitas          Tloc           31%        N/A       2%          3
 Lesser Beckoning         Tloc           31%        N/A       2%          3
 Teleport Other           Tloc           31%        N/A       2%          3
 Dazzling Flash           Conj/Hex       40%        N/A       9%          3
 Iskenderun's Mystic Bla  Conj/Tloc      25%        2d7       14%         4
 Manifold Assault         Tloc           31%        N/A       22%         5
 Alistair's Intoxication  Tmut/Pois      13%        N/A       58%         5
 Starburst                Conj/Fire      10%        6d5       99%         6


Dungeon Overview and Level Annotations

Branches:
Dungeon (7/15)             Temple (0/1) D:7          Bailey (1/1)

Altars:
Ashenzari
Hepliaklqana
Makhleb
Okawaru
Vehumet
Beogh

Shops:
D:1 =


Innate Abilities, Weirdness & Mutations

You have very sharp teeth.
Your uncanny sense of smell can sniff out nearby items.
Your experience applies equally to all skills.


Message History

You hit the orc warlord. You drain the orc warlord.
The orc warlord is lightly wounded.
You barely miss the orc warlord.
The orc warlord is lightly wounded.
The orc warlord hits you with a +3 war axe!!
You hit the orc warlord but do no damage.
You drain the orc warlord.
The orc warlord is lightly wounded.
The orc warlord hits you with a +3 war axe.
You hit the orc warlord.
The orc warlord is lightly wounded.
The orc warlord splashes around in the water.
You hit the orc warlord but do no damage.
The orc warlord is lightly wounded.
The orc warlord looks more healthy.
The orc warlord hits you with a +3 war axe!
You puncture the orc warlord!
You bite the orc warlord, but do no damage.
The orc warlord is moderately wounded.
You hit the orc warlord.
The orc warlord is moderately wounded.
The orc warlord hits you with a +3 war axe!
You hit the orc warlord.
The orc warlord is moderately wounded.
The orc warlord splashes around in the water.
You hit the orc warlord. You drain the orc warlord.
The orc warlord is heavily wounded.
The orc warlord splashes around in the water.
You barely miss the orc warlord.
The orc warlord is heavily wounded.
The orc warlord splashes around in the water.
You hit the orc warlord but do no damage.
Your bite misses the orc warlord.
The orc warlord is heavily wounded.
The orc warlord hits you with a +3 war axe.
* * * LOW HITPOINT WARNING * * *
You closely miss the orc warlord.
The orc warlord is heavily wounded.
The orc warlord hits you with a +3 war axe!!
You die...

......#≈≈≈≈≈#.....)....#
.8....'.....'..........#
....#########......8...#
...# ≈≈ ≈≈ ####......##
...#≈).. ..≈#≈≈#.....##
...#≈!.. .....≈#....##
÷..##8.8...8.8≈##...#
....#.........≈≈'...#
....#....∩....≈≈@...#
....#.........≈o'...#
...##8.8...8.8≈##...#
)..#o!.....(..≈#....##
...#≈}...(.≈#≈≈#.....##
...##≈≈≈ ≈≈≈####......##
....#########......8...#
.8....'....)'..........#
......#≈≈≈))#..........#


You could see an orc warlord (drained).

Vanquished Creatures
  4 yaks
  Eustachio (D:4)
  Menkaure (D:6)
  A water moccasin (D:6)
  5 orc warriors
  An ice beast (D:7)
  2 ogres (D:4)
  A centaur (D:6)
  A phantom (D:5)
  2 bullfrogs
  A scorpion (D:6)
  A howler monkey (D:6)
  A bullfrog zombie (D:5)
  A hound (D:7)
  A bullfrog skeleton (D:5)
  2 centaur skeletons
  A jelly (D:5)
  An orc priest (D:4)
  Crazy Yiuf (D:4)
  An iguana (D:6)
  A howler monkey zombie (D:6)
  6 gnolls
  2 howler monkey skeletons
  8 adders
  A white imp (D:6)
  3 ufetubi
  2 dart slugs
  20 orcs
  4 bats
  2 endoplasms
  A giant cockroach (D:3)
  6 goblins
  8 hobgoblins
  7 jackals
  16 kobolds
  2 quokkas
  2 ball pythons
  3 rats
124 creatures vanquished.

Notes
Turn   | Place    | Note
-------+----------+-------------------------------------------
     0 | D:1      | Ablot the Gnoll Warper began the quest for the Orb.
     0 | D:1      | Reached XP level 1. HP: 20/20 MP: 6/6
   181 | D:1      | Reached XP level 2. HP: 26/26 MP: 7/7
   585 | D:1      | Found Keiverhu's Jewellery Emporium.
   883 | D:2      | Reached skill level 5 in Spellcasting
   883 | D:2      | Reached XP level 3. HP: 28/31 MP: 7/9
   896 | D:2      | Learned a level 1 spell: Apportation
   899 | D:2      | Learned a level 2 spell: Blink
  1108 | D:1      | Reached skill level 1 in Invocations
  1311 | D:2      | Reached skill level 1 in Short Blades
  1311 | D:2      | Reached skill level 1 in Long Blades
  1311 | D:2      | Reached skill level 1 in Axes
  1311 | D:2      | Reached skill level 1 in Maces & Flails
  1311 | D:2      | Reached skill level 1 in Staves
  1311 | D:2      | Reached skill level 1 in Slings
  1311 | D:2      | Reached skill level 1 in Bows
  1311 | D:2      | Reached skill level 1 in Crossbows
  1311 | D:2      | Reached skill level 1 in Stealth
  1311 | D:2      | Reached skill level 1 in Shields
  1311 | D:2      | Reached skill level 1 in Unarmed Combat
  1311 | D:2      | Reached skill level 1 in Evocations
  1466 | D:2      | Reached XP level 4. HP: 29/38 MP: 11/11
  1815 | D:2      | Found a hazy altar of Hepliaklqana.
  2084 | D:3      | Found a radiant altar of Vehumet.
  2217 | D:3      | Found a burning altar of Makhleb.
  2479 | D:3      | Reached skill level 1 in Conjurations
  2479 | D:3      | Reached skill level 1 in Hexes
  2479 | D:3      | Reached skill level 1 in Summonings
  2479 | D:3      | Reached skill level 1 in Necromancy
  2479 | D:3      | Reached skill level 1 in Transmutations
  2479 | D:3      | Reached skill level 1 in Fire Magic
  2479 | D:3      | Reached skill level 1 in Ice Magic
  2479 | D:3      | Reached skill level 1 in Air Magic
  2479 | D:3      | Reached skill level 1 in Earth Magic
  2479 | D:3      | Reached skill level 1 in Poison Magic
  2499 | D:3      | Found a faded altar of an unknown god.
  2540 | D:3      | Identified the +8 short sword of Disorder {drain, Int+5}
  2676 | D:4      | You fall into a shaft and drop 2 floors!
  2705 | D:6      | Reached XP level 5. HP: 40/43 MP: 12/12
  2934 | D:5      | Entered Level 5 of the Dungeon
  2936 | D:5      | Noticed a phantom
  2949 | D:5      | Noticed a yak
  3070 | D:4      | Noticed Eustachio
  3080 | D:4      | Noticed an ogre
  3092 | D:4      | Killed Eustachio
  3093 | D:4      | Reached skill level 5 in Fighting
  3093 | D:4      | Reached skill level 5 in Polearms
  3093 | D:4      | Reached skill level 5 in Dodging
  3093 | D:4      | Reached XP level 6. HP: 15/51 MP: 11/14
  3142 | D:4      | HP: 2/51 [ogre/+0 giant spiked club (19)]
  3162 | D:4      | Reached XP level 7. HP: 5/56 MP: 15/15
  4073 | D:4      | Found a runed translucent door.
  4074 | D:4      | Noticed Crazy Yiuf
  4082 | D:4      | Killed Crazy Yiuf
  4296 | D:5      | Identified the +7 chain mail of the Hippo {Str+2}
  4871 | D:5      | Noticed a yak
  4875 | D:5      | Killed a yak
  4875 | D:5      | Noticed a yak
  4876 | D:5      | Noticed a yak
  4903 | D:4      | Killed a yak
  4904 | D:4      | Reached XP level 8. HP: 34/63 MP: 16/16
  4910 | D:4      | Killed a yak
  5727 | D:5      | Killed a yak
  5785 | D:6      | Found a broken altar of Ashenzari.
  5877 | D:6      | Noticed Menkaure
  5885 | D:6      | Killed Menkaure
  6274 | D:6      | Reached XP level 9. HP: 69/69 MP: 18/18
  6470 | D:6      | Found a hazy altar of Hepliaklqana.
  6705 | D:6      | Found an iron altar of Okawaru.
  6719 | D:6      | Became a worshipper of Warmaster Okawaru
  7154 | D:7      | Found a staircase to the Ecumenical Temple.
  7173 | D:7      | Found a flagged portal.
  7186 | Bailey   | Entered a bailey
  7219 | Bailey   | Noticed an orc warlord
  7274 | Bailey   | Reached skill level 5 in Throwing
  7274 | Bailey   | Reached skill level 5 in Armour
  7394 | Bailey   | Reached * piety under Okawaru
  7764 | Bailey   | Found a runed translucent gate.
  7766 | Bailey   | Found a runed translucent gate.
  7768 | Bailey   | Found a runed translucent gate.
  7929 | Bailey   | Slain by an orc warlord

Illustrated notes

Levels and vault maps discovered:
D:1:      dpeg_arrival_boxes_within_box, layout_loops_ring, serial_shops,
          nicolae_shop_hallway_plus
D:2:      layout_rooms, basic_altar
D:3:      layout_loops_ring, amcnicky_altar_gilded, lightli_temple_of_fire,
          hellmonk_ecumenical_altar_defaced_shrine, minmay_misc_feat_roman,
          mrwooster_statue_mirror
D:4:      layout_cave_pools, kennysheep_generic_room_2, uniq_crazy_yiuf_cottage,
          uniq_eustachio
D:5:      layout_loops_corners
D:6:      layout_basic, kennysheep_okawaru_gauntlet, evilmike_ruin_ashenzari,
          nicolae_hepliaklqana_hippocampus, chequers_hall_statues_corner_a,
          patterned_corridor, uniq_menkaure
D:7:      layout_layer_cave, minmay_temple_entry_drinking_statues,
          enter_bailey_2, the_hattery
Bailey:   bailey_axe_bossmonster_kennysheep, bailey

Skill      XL: |  1  2  3  4  5  6  7  8  9 |
---------------+----------------------------+-----
Spellcasting   | 5 6 |  6.7
Invocations    | 1 2 3 4 |  4.8
Short Blades   | 1 2 3 4 |  4.3
Long Blades    | 1 2 3 4 |  4.3
Axes           | 1 2 3 4 |  4.3
Maces & Flails | 1 2 3 4 |  4.3
Staves         | 1 2 3 4 |  4.3
Slings         | 1 2 3 4 |  4.3
Bows           | 1 2 3 4 |  4.3
Crossbows      | 1 2 3 4 |  4.3
Stealth        | 1 2 3 4 |  4.3
Shields        | 1 2 3 4 |  4.3
Unarmed Combat | 1 2 3 4 |  4.3
Evocations     | 1 2 3 4 |  4.3
Conjurations   | 1 2 3 |  3.6
Hexes          | 1 2 3 |  3.6
Summonings     | 1 2 3 |  3.6
Necromancy     | 1 2 3 |  3.6
Transmutations | 1 2 3 |  3.6
Fire Magic     | 1 2 3 |  3.6
Ice Magic      | 1 2 3 |  3.6
Air Magic      | 1 2 3 |  3.6
Earth Magic    | 1 2 3 |  3.6
Poison Magic   | 1 2 3 |  3.6
Throwing       | 3 4 5 |  5.1
Armour         | 3 4 5 |  5.1
Fighting       | 5 6 |  6.4
Polearms       | 5 6 |  6.4
Dodging        | 5 6 |  6.4
Translocations | 6 |  6.6

Action                   |  1- 3 |  4- 6 |  7- 9 || total
-------------------------+-------+-------+-------++-------
Melee: Spear             |   104 |    33 |     4 ||   141
       Bite              |     6 |     6 |    26 ||    38
       Punch             |     1 |     1 |     4 ||     6
       Short sword       |       |    36 |   264 ||   300
       Great sword       |       |       |     2 ||     2
Throw: Dart              |       |     5 |     2 ||     7
       Stone             |       |     1 |       ||     1
       Boomerang         |       |       |     4 ||     4
 Cast: Blink             |       |     4 |     2 ||     6
 Stab: Sleeping          |     2 |     2 |     4 ||     8
Armor: Leather armour    |    16 |    19 |    86 ||   121
Dodge: Dodged            |    49 |    57 |   150 ||   256
